 Dungeon Crawl Stone Soup version 0.28.0 (webtiles) character file.

Game seed: 7089806170813034297

259 Strat the Chopper (level 5, -1/50 HPs)
             Began as a Deep Dwarf Fighter on Feb 5, 2022.
             Was an Initiate of Makhleb.
             Slain by an ogre (14 damage)
             ... on level 5 of the Dungeon.
             The game lasted 00:08:40 (1862 turns).

Strat the Chopper (Deep Dwarf Fighter)              Turns: 1862, Time: 00:08:41

Health: -1/50      AC:  9    Str: 22    XL:     5   Next: 95%
Magic:  10/10 (1)  EV:  9    Int:  8    God:    Makhleb [......]
Gold:   157        SH:  4    Dex: 12    Spells: 4/4 levels left

rFire   . . .      SeeInvis .   a - +0 war axe
rCold   . . .      Faith    .   c - +0 buckler
rNeg    . . .      Spirit   .   b - +0 scale mail
rPois   .          Reflect  .   (no helmet)
rElec   .          Harm     .   i - +1 cloak
rCorr   .          Rampage  .   (no gloves)
Will    .....                   (no boots)
Stlth   ..........              (no amulet)
HPRegen 0.00/turn               m - ring of magical power
MPRegen 0.12/turn               (no ring)

@: no status effects
A: damage resistance, heal wounds, sense surroundings 1, no regeneration
a: Heal Wounds, Renounce Religion


You were on level 5 of the Dungeon.
You worshipped Makhleb.
Makhleb was noncommittal.
You visited 2 branches of the dungeon, and saw 6 of its levels.

You collected 179 gold pieces.
You spent 22 gold pieces at shops.

Inventory:

Hand Weapons
 a - a +0 war axe (weapon)
Missiles
 e - 16 sling bullets
 f - 41 stones
 h - 6 poisoned darts
 j - 6 javelins
Armour
 b - a +0 scale mail (worn)
 c - a +0 buckler (worn)
 i - a +1 cloak (worn)
Jewellery
 m - a ring of magical power (left hand)
Wands
 l - a wand of flame (10)
Scrolls
 o - a scroll of teleportation
Potions
 d - 2 potions of might
 g - a potion of brilliance
 k - 2 potions of lignification
 n - a potion of attraction {unknown}
 p - 2 potions of flight {unknown}
 q - a potion of resistance {unknown}


   Skills:
 + Level 3.8 Fighting
 + Level 6.0 Axes
 - Level 3.2 Armour
 - Level 3.2 Shields


You had 4 spell levels left.
You didn't know any spells.
Your spell library contained the following spells:

 Spells                   Type           Power      Damage    Failure   Level
 Ensorcelled Hibernation  Hex/Ice        0%         N/A       92%         2
 Passwall                 Tmut/Erth      0%         N/A       92%         2
 Swiftness                Air            0%         N/A       99%         3


Dungeon Overview and Level Annotations

Branches:
Dungeon (5/15)             Temple (1/1) D:4

Altars:
Ashenzari
Cheibriados
Elyvilon
Gozag
Hepliaklqana
Kikubaaqudgha
Makhleb
Nemelex Xobeh
Sif Muna
Trog
Uskayaw
Wu Jian
Xom
Yredelemnul
Lugonu

Shops:
D:5 *

Portals:
Abyss: D:3

Annotations:
D:4 Ijyb
D:5 Blork the orc


Innate Abilities, Weirdness & Mutations

You are resistant to damage.
You can heal yourself by infusing magical energy.
You passively map a small area around you.
You do not regenerate.


Message History

It is a scroll of enchant armour.
Your +0 cloak glows green for a moment.
Found 18 gold pieces and a lumpy puce potion.
Found a stone staircase leading up.
You now have 157 gold pieces (gained 18).
q - a lumpy puce potion An ogre comes into view.
It is wielding a +0 giant club.
You see here a +0 club.
An ogre is nearby!
Aiming: Throw Flame
Press: ? - help, Shift-Dir - straight line, f - ogre
Aim: an ogre, wielding a +0 giant club (85% to hit)
The puff of flame hits the ogre!
The ogre is moderately wounded.
Your magical essence is drained by the effort!
You feel much better.
You completely miss the ogre.
The ogre is moderately wounded.
The ogre hits you with a +0 giant club!!
* * * LOW HITPOINT WARNING * * *
Your magical essence is drained by the effort!
You feel much better. The ogre hits you with a +0 giant club!
You hit the ogre.
The ogre is heavily wounded.
The ogre hits you with a +0 giant club!!
Ouch! That really hurt!
* * * LOW HITPOINT WARNING * * *
You barely miss the ogre.
The ogre is heavily wounded.
The ogre hits you with a +0 giant club!
* * * LOW HITPOINT WARNING * * *
You feel much better.
You slash the ogre!
The ogre is severely wounded.
The ogre hits you with a +0 giant club!
* * * LOW HITPOINT WARNING * * *
You barely miss the ogre.
The ogre is severely wounded.
The ogre hits you with a +0 giant club!
You die...

## #.......# * #. # #######.# *
** ## # #.# * , # ##### #.# ##
..<.#######.##### * * ##.
................# * *#####..
..#.###########.# * *#..†.>.
..#.# ##O### ##≈ ###.##### ###.#
#..@.###≈≈ #...# # # #.#
#.##..##≈≈≈#.### # ###.#
#.#..)#≈≈≈##.# # ....#
#.....≈≈≈≈≈≈.# # #####
#..≈.≈≈≈≈≈≈≈.# # # *
......≈≈≈≈P≈...# # .#* , ,
...≈.≈P≈≈≈≈...## # .#
......P...P≈≈P≈≈≈≈....# #####
......≈.≈≈≈≈P≈≈≈≈≈≈≈...#.####...#


You could see an ogre.

Vanquished Creatures
  A necrophage (D:5)
  A hound (D:5)
  An iguana (D:4)
  2 orc wizards (D:3)
  2 adders
  A worm (D:2)
  5 orcs
  7 ball pythons
  4 endoplasms
  A giant cockroach (D:2)
  4 goblins
  2 hobgoblins
  A quokka (D:1)
  2 bats (D:1)
  5 frilled lizards
  2 kobolds
  4 rats
45 creatures vanquished.

Vanquished Creatures (others)
  2 lurking horrors (D:3)
  4 plants (D:5)
6 creatures vanquished.

Grand Total: 51 creatures vanquished

Notes
Turn   | Place    | Note
-------+----------+-------------------------------------------
     0 | D:1      | Strat the Deep Dwarf Fighter began the quest for the Orb.
     0 | D:1      | Reached XP level 1. HP: 20/20 MP: 1/1
    82 | D:1      | Reached skill level 3 in Axes
    94 | D:1      | Reached XP level 2. HP: 18/27 MP: 2/2
   137 | D:1      | Found a faded altar of an unknown god.
   436 | D:2      | Reached skill level 4 in Axes
   436 | D:2      | Reached XP level 3. HP: 14/33 MP: 3/3
   694 | D:3      | Found a one-way gate to the infinite horrors of the Abyss.
   697 | D:3      | Found a corrupted altar of Lugonu.
   858 | D:3      | Reached XP level 4. HP: 13/40 MP: 2/2
   861 | D:3      | Reached skill level 5 in Axes
   920 | D:4      | Found a staircase to the Ecumenical Temple.
   945 | Temple   | Entered the Ecumenical Temple
  1022 | Temple   | Became a worshipper of Makhleb the Destroyer
  1297 | D:4      | Noticed Ijyb
  1323 | D:5      | Entered Level 5 of the Dungeon
  1452 | D:5      | Noticed a necrophage
  1515 | D:5      | Killed a necrophage
  1516 | D:5      | Reached XP level 5. HP: 35/50 MP: 3/3
  1522 | D:5      | Reached skill level 6 in Axes
  1541 | D:5      | Noticed Blork the orc
  1744 | D:5      | Found Nomo's Assorted Antiques.
  1787 | D:5      | Bought a scroll labelled FYTEATHIEFIMU for 22 gold pieces
  1824 | D:5      | Noticed an ogre
  1862 | D:5      | Slain by an ogre

Illustrated notes

Levels and vault maps discovered:
D:1:      zaba_arrival_water, layout_rooms, ebering_ecumenical_altar_mist
D:2:      layout_basic
D:3:      layout_loops_ring, amcnicky_altar_lugonu_corruption
D:4:      layout_layer_cave, temple_pool_b, serial_shops,
          nicolae_shop_waterfront, gammafunk_ghost_split, uniq_ijyb
D:5:      layout_loops_corners, serial_shops, nicolae_shop_waterfront,
          hangedman_abyss_or_decor_stabs, chequers_big_river,
          water_boxes_lemuel, uniq_blork_the_orc
Temple:   minmay_crystal_snake_temple

Skill      XL: |  1  2  3  4  5 |
---------------+----------------+-----
Axes           | 3 4 5 6 |  6.0
Fighting       | 3 |  3.8
Armour         | |  3.2
Shields        | |  3.2

Action                   |  1- 3 |  4- 6 || total
-------------------------+-------+-------++-------
Melee: War axe           |    86 |    23 ||   109
 Abil: Heal Wounds       |     3 |     4 ||     7
Evoke: Wand              |       |     4 ||     4
  Use: Scroll            |       |     7 ||     7
Armor: Scale mail        |    41 |     5 ||    46
Dodge: Dodged            |    46 |    13 ||    59
Block: Buckler           |    13 |     1 ||    14
